 Dungeon Crawl Stone Soup version 0.14.2 (webtiles) character file.

157 Kairos the Skirmisher (level 4, 0/24 HPs)
             Began as a Vine Stalker Fighter on June 1, 2018.
             Slain by an orc wizard
             ... wielding a +0,+0 club
              (1 damage)
             ... on Level 3 of the Dungeon.
             The game lasted 00:02:39 (2261 turns).

Kairos the Skirmisher (Vine Stalker Fighter)        Turns: 2261, Time: 00:02:39

HP   0/24        AC  7     Str 16 (20) XL: 4   Next: 43%
MP   0/5         EV  7     Int  8      God:
Gold 75          SH 18     Dex 13      Spells:  0 memorised,  3 levels left

rFire  + . .     SeeInvis .     a - +0 war axe
rCold  . . .     Clarity  .     j - +1 ring mail {rF+}
rNeg   . . .     Conserve .     c - +0 shield
rPois  .         rCorr    .     (no helmet)
rElec  .         rRot     +     o - +0 cloak
SustAb . .       Spirit   +     (no gloves)
rMut   .         Warding  .     (no boots)
Saprov . . .     Stasis   .     (no amulet)
MR     .....                    (no ring)
                                q - ring of wizardry

@: slowed, very slow, not resistant to hostile enchantments, extremely
unstealthy
A: fangs 2, regeneration 1, magic shield, antimagic bite, no device heal
a: no special abilities


You were on level 3 of the Dungeon.
You were not hungry.

You visited 1 branch of the dungeon, and saw 3 of its levels.

You collected 75 gold pieces.

Inventory:

Hand weapons
 a - a +0,+0 war axe (weapon)
Armour
 b - a +0 scale mail
 c - a +0 shield (worn)
 j - a +1 ring mail of fire resistance (worn)
 o - a +0 cloak (worn)
Comestibles
 d - 3 bread rations
 m - 14 sultanas
Scrolls
 f - 2 scrolls of enchant armour {unknown}
 g - a scroll of enchant weapon II {unknown}
 h - a scroll of amnesia {unknown}
 l - a scroll of immolation {unknown}
Jewellery
 q - a ring of wizardry (left hand)
Potions
 e - a potion of might
 i - a potion of degeneration
 n - a potion of restore abilities {unknown}
 p - a potion of agility {unknown}


   Skills:
 + Level 3.1 Fighting
 + Level 1.9 Axes
 + Level 3.0 Armour
 + Level 1.4 Dodging
 + Level 3.1 Shields


You had 3 spell levels left.
You didn't know any spells.

Dungeon Overview and Level Annotations

Branches:
Dungeon (3/15)

Altars:
Elyvilon


Innate Abilities, Weirdness & Mutations

You are immune to rotting.
You have extremely sharp teeth.
Your natural rate of healing is unusually fast.
When hurt, damage is shared between your health and your magic reserves.
Your bite disrupts and absorbs the magic of your enemies.
Potions and wands cannot restore your HP.


Message History

You feel better.
It was a potion of curing.
The orc wizard casts a spell at you.
You feel yourself slow down. Something hits you but does no damage.
The orc wizard mumbles some strange words.
The orc wizard blinks!
The orc wizard points at you and mumbles some strange words.
You resist.
You hear some strange, mumbled words.
The puff of flame hits you! You resist.
* * * LOW HITPOINT WARNING * * *
You hit the orc wizard but do no damage.
You bite the orc wizard, but do no damage.
The orc wizard is severely wounded.
The orc wizard barely misses you. Something hits you.
* * * LOW HITPOINT WARNING * * *
The orc wizard hits you but does no damage.
Something hits you.
* * * LOW HITPOINT WARNING * * *
The orc wizard hits you with a club.
You die...

...######..###.#
#....#. #.........#
#.# #....#.
#.#.......###.# #....#
#.#........##.# ...
#..........##.######.
............>.........
.#.#####..#)########
#.#####..#.#
#....@o....#
#..#..###### #..).#..#
##.#.#.## #...###
>##.. .. #.# .## ..#
#..


You could see an orc wizard.

Vanquished Creatures
  5 adders (D:2)
  An ooze (D:1)
  An orc (D:3)
  A ball python (D:2)
  2 bats
  2 giant cockroaches (D:2)
  6 goblins
  2 hobgoblins (D:2)
  7 kobolds
  3 giant newts
  2 quokkas (D:3)
  8 rats
40 creatures vanquished.

Notes
Turn   | Place    | Note
--------------------------------------------------------------
     0 | D:1      | Kairos, the Vine Stalker Fighter, began the quest for the Orb.
     0 | D:1      | Reached XP level 1. HP: 11/11 MP: 1/1
   301 | D:1      | Reached XP level 2. HP: 16/16 MP: 3/3
   405 | D:1      | Reached skill level 3 in Fighting
   994 | D:2      | Reached XP level 3. HP: 18/20 MP: 4/4
  1157 | D:2      | Reached skill level 1 in Dodging
  1693 | D:2      | Reached XP level 4. HP: 9/24 MP: 2/5
  2203 | D:3      | Found a white marble altar of Elyvilon.
  2261 | D:3      | HP: 1/24 [something (1)]
  2261 | D:3      | Slain by an orc wizard

Action                   |  1- 3 |  4- 6 || total
-------------------------+-------+-------++-------
Melee: War axe           |    88 |    28 ||   116
  Use: Potion            |       |     2 ||     2
